 Dungeon Crawl Stone Soup version 0.21.1-1-g345015fe64 (webtiles) character file.

16 IceCat the Shield-Bearer (level 2, 0/19 HPs)
             Began as a Gargoyle Fighter on July 30, 2018.
             Slain by a goblin (3 damage)
             ... led by Robin
             ... on level 2 of the Dungeon.
             The game lasted 00:01:33 (926 turns).

IceCat the Shield-Bearer (Gargoyle Fighter)          Turns: 926, Time: 00:01:36

Health: 0/19       AC:  9    Str: 19    XL:     2   Next: 54%
Magic:  2/2        EV:  7    Int:  8    God:
Gold:   50         SH:  9    Dex:  9    Spells: 1/1 levels left

rFire    . . .     SeeInvis .   a - +0 flail
rCold    . . .     Gourm    .   c - +0 shield
rNeg     + . .     Faith    .   b - +0 scale mail
rPois    ∞         Spirit   .   (no helmet)
rElec    +         Reflect  .   (no cloak)
rCorr    .         Harm     .   (no gloves)
MR       .....                  (no boots)
Stlth    ..........             (no amulet)
HPRegen  0.06/turn              (no ring)
MPRegen  0.08/turn              (no ring)

@: no status effects
A: negative energy resistance 1, electricity resistance, unbreathing,
petrification resistance, rot immunity, AC +2
a: no special abilities


You were on level 2 of the Dungeon.
You were not hungry.

You visited 1 branch of the dungeon, and saw 2 of its levels.

You collected 50 gold pieces.

Inventory:

Hand Weapons
 a - a +0 flail (weapon)
Armour
 b - a +0 scale mail (worn)
 c - a +0 shield (worn)
Jewellery
 m - an uncursed ring of protection from fire {unknown}
Scrolls
 e - a scroll of remove curse
 g - 3 scrolls of teleportation {unknown}
 h - a scroll of immolation {unknown}
 i - a scroll of enchant armour {unknown}
 j - a scroll of amnesia {unknown}
 k - a scroll of random uselessness {unknown}
 o - a scroll of blinking {unknown}
 r - a scroll of identify {unknown}
Potions
 d - a potion of might
 l - a potion of brilliance {unknown}
 n - a potion of heal wounds {unknown}
 p - 2 potions of curing {unknown}
 q - a potion of agility {unknown}
Comestibles
 f - 9 rations


   Skills:
 + Level 3.4 Fighting
 + Level 2.2 Maces & Flails
 + Level 3.4 Armour
 + Level 0.2 Dodging
 + Level 3.6 Shields


You had one spell level left.
You didn't know any spells.

Dungeon Overview and Level Annotations

Branches:
Dungeon (2/15)

Altars:

Annotations:
D:2 Robin


Innate Abilities, Weirdness & Mutations

You are resistant to torment.
Your stone body is resilient. (AC +2)
You are immune to poison.
You resist negative energy. (rN+)
You are resistant to electric shocks. (rElec)
You can survive without breathing.
You are immune to petrification.
You are immune to rotting.


Message History

You closely miss the goblin. You block the adder's attack.
The goblin barely misses you. You block the goblin's attack. x2
The adder bites you but does no damage.
You barely miss the goblin. The goblin barely misses you.
The adder bites you but does no damage. The goblin barely misses you.
The goblin hits you but does no damage.
You sock the goblin!
You kill the goblin!
You block the adder's attack. You block the goblin's attack.
The goblin hits you but does no damage. Something throws the goblin at you!
* * * LOW HITPOINT WARNING * * *
The adder barely misses you. The goblin closely misses you.
The goblin hits you but does no damage. The goblin closely misses you.
As you read the scroll labeled ANOAPEOMIPT, it crumbles to dust.
You feel blessed for a moment.
It was a scroll of remove curse.
The goblin no longer looks unusually strong.
The adder completely misses you.
The goblin goes into a battle-frenzy!
The goblin hits you.
You die...

.. .. .# .# #
##.#
##..######..#
......g@gg..##..#
...####Sg.<.$..#
#..g......#
.............#
###........(.#
#........<..#
.............(.
...###........###
..# #........#


You could see an adder, a hobgoblin and 4 goblins.

Vanquished Creatures
  A giant cockroach (D:1)
  2 hobgoblins
  3 bats (D:1)
  A frilled lizard (D:1)
  5 goblins
  2 kobolds (D:1)
  2 rats (D:1)
16 creatures vanquished.

Notes
Turn   | Place    | Note
-------+----------+-------------------------------------------
     0 | D:1      | IceCat the Gargoyle Fighter began the quest for the Orb.
     0 | D:1      | Reached XP level 1. HP: 14/14 MP: 1/1
   448 | D:1      | Reached XP level 2. HP: 15/19 MP: 2/2
   913 | D:2      | Noticed Robin
   926 | D:2      | Slain by a goblin

Action                   || total
-------------------------++-------
Melee: Flail             ||    59
  Use: Scroll            ||     1
Armor: Scale mail        ||    54
Dodge: Dodged            ||    36
Block: Shield            ||    51
